 Dungeon Crawl Stone Soup version 0.31.0-11-ge490571c62 (webtiles) character file.

Game seed: 9190378412764225998

312 Drazool the Ruffian (level 6, -11/55 HPs)
             Began as a Naga Shapeshifter on Jan 27, 2024.
             Was an Initiate of Cheibriados.
             Mangled by Menkaure (23 damage)
             ... on level 5 of the Dungeon.
             The game lasted 00:12:14 (3469 turns).

Drazool the Ruffian (Naga Shapeshifter)             Turns: 3469, Time: 00:12:15

Health: -11/55     AC:  3    Str: 18    XL:     6   Next: 42%
Magic:  6/6        EV: 10    Int: 11    God:    Cheibriados [......]
Gold:   264        SH:  0    Dex: 13    Spells: 5/5 levels left

rFire   . .          .
                       - Unarmed
rCold   + + .        (no shield)
rNeg    + + +        a - +0 animal skin
rPois   +            i - melded +0 helmet
rElec   .            (cloak currently unavailable)
rCorr   +            h - melded +0 pair of gloves
SInv    +            w - melded +2 barding {Stlth+}
Will    +....        f - amulet of faith {!P}
Stlth   +            N - ring of positive energy
HPRegen 0.29/turn    v - ring of Jiedam {rC++ rN++ Will+ rCorr}
MPRegen 0.10/turn

%: faith
@: beast-form, very slow
A: beast (slay +2), AC +2, large, see invisible, deformed body, poison
resistance, slowness 2, spit poison 1, naga tail 1
a: Spit Poison, Begin Untransformation, Renounce Religion


You were on level 5 of the Dungeon.
You worshipped Cheibriados.
Cheibriados was noncommittal.
You were a hulking beast.
You visited 1 branch of the dungeon, and saw 5 of its levels.

You collected 264 gold pieces.


Innate Abilities, Weirdness & Mutations

You are a hulking beast.
Your limbs bulge with bestial killing power. (Slay +2)
Your serpentine skin is tough. (AC +2)
You have supernaturally acute eyesight. (SInv)
Armour fits poorly on your strangely shaped body.
Your system is resistant to poisons. (rPois)
You cover ground very slowly.
You can spit poison.
You have a snake-like lower body.


   Skills:
 + Level 2.5 Fighting
 - Level 1.5 Dodging
 - Level 6.0 Unarmed Combat
 + Level 3.7 Shapeshifting


You had 5 spell levels left.
You didn't know any spells.
Your spell library contained the following spells:

 Spells                   Type           Power      Damage    Failure   Level
 Magic Dart               Conj           0%         1d3       34%         1
 Jinxbite                 Hex            0%         N/A       47%         2
 Searing Ray              Conj           0%         2d4       47%         2
 Fulminant Prism          Conj/Alch      0%         3d5       98%         4
 Yara's Violent Unravell  Hex/Alch       0%         3d3       100%        5
 Conjure Ball Lightning   Conj/Air       0%         3x3d6     100%        6
 Enfeeble                 Hex            0%         N/A       100%        7
 Discord                  Hex            0%         N/A       100%        8
 Disjunction              Tloc           0%         N/A       100%        8

Inventory:

Armour
 a - a +0 animal skin (worn)
 h - a +0 pair of gloves (melded)
 i - a +0 helmet (melded)
 w - a +2 barding of stealth (melded)
Jewellery
 f - an amulet of faith (around neck) {!P}
 v - the ring of Jiedam (right hand) {rC++ rN++ Will+ rCorr}
   (You found it on level 4 of the Dungeon)

   [ring of resist corrosion]

   rC++:      It greatly protects you from cold.
   rN++:      It greatly protects you from negative energy.
   Will+:     It increases your willpower.
   rCorr:     It protects you from acid and corrosion.
 N - a ring of positive energy (left hand)
Talismans
 c - a beast talisman (active)
 d - a flux talisman
 q - a blade talisman
Scrolls
 g - a scroll of noise {unknown}
 j - a scroll of blinking
 k - a scroll of amnesia {unknown}
 m - a scroll of acquirement
 o - a scroll of enchant armour {unknown}
 r - a scroll of silence {unknown}
 s - a scroll of teleportation {unknown}
 t - a scroll of fog {unknown}
Potions
 b - 3 potions of lignification
 e - 2 potions of berserk rage {!q}
 l - a potion of haste {unknown}
 n - a potion of attraction {unknown}
 p - a potion of degeneration {unknown}
 u - a potion of curing {unknown}

Dungeon Overview and Level Annotations

Branches:
Dungeon (5/15)
 Temple: D:4-7

Altars:
Cheibriados
Kikubaaqudgha
Wu Jian

Shops:
D:1 [*=(=

Annotations:
D:3 3 runed translucent doors, Bravepunisher's ghost, weakling SpMo
D:5 Menkaure

....######.........#..........#..
##### #.........#######....#..
#...............#..†.#..
+...............###'####
#.......................
#.......................
#.......................
#.......................
#.....Mh.....[.........#
#.........###+##.......#
#....###### ######### #... #.. #.
#


You could see Menkaure.


Message History

You hit Menkaure but do no damage.
Menkaure is lightly damaged.
Menkaure barely misses you.
You hit Menkaure.
Menkaure is lightly damaged.
Menkaure hits you.
You barely miss Menkaure.
Menkaure is lightly damaged.
You hit Menkaure but do no damage.
Menkaure is lightly damaged.
Menkaure barely misses you.
You barely miss Menkaure.
Menkaure is lightly damaged.
Menkaure hits you!!
You hit Menkaure.
Menkaure is moderately damaged.
You barely miss Menkaure.
Menkaure is moderately damaged.
Menkaure hits you.
* * * LOW HITPOINT WARNING * * *
You hit Menkaure.
Menkaure is moderately damaged.
Menkaure hits you!
* * * LOW HITPOINT WARNING * * *
You punch Menkaure!
Menkaure is severely damaged.
You hit Menkaure.
Menkaure is almost destroyed.
Menkaure hits you!!
You die...

Skill      XL: |  1  2  3  4  5 |
---------------+----------------+-----
Unarmed Combat | 4 5 6 |  6.0
Fighting       | 2 |  2.5
Dodging        | |  1.5
Shapeshifting  | |  3.7

Action                     |  1- 3 |  4- 6 || total
---------------------------+-------+-------++-------
  Melee: Unarmed           |    49 |   120 ||   169
         Punch             |     1 |     2 ||     3
Ability: Spit Poison       |    24 |    30 ||    54
         Begin Untransform |       |     1 ||     1
    Use: Scroll            |       |     4 ||     4
 Armour: Animal skin       |    24 |    78 ||   102
  Dodge: Dodged            |    25 |    46 ||    71
   Form: Beast             |       |     2 ||     2
                           |       |     1 ||     1

Levels and vault maps discovered:
D:1:      evilmike_arrival_rings, layout_loops_ring, serial_shops, shop,
          nicolae_shop_window_shopping, nicolae_shop_advertising_works
          [nicolae_subvault_shop_adworks], shop, nicolae_diamond_shop, hex_tiny,
          st_stairs_10
D:2:      layout_loops_ring, minmay_hexomino_c4
D:3:      layout_rooms, kiku_gazebo_garden_becter,
          gammafunk_ghost_nasty_kobolds, minivault_4
D:4:      layout_rooms, general_overflow_altar, kennysheep_mini_moat
D:5:      layout_gridville, dancing_weapons_uskayaw, uniq_menkaure

Notes
Turn   | Place    | Note
-------+----------+-------------------------------------------
     0 | D:1      | Drazool the Naga Shapeshifter began the quest for the Orb.
     0 | D:1      | Reached XP level 1. HP: 18/18 MP: 1/1
   116 | D:1      | Reached XP level 2. HP: 17/25 MP: 2/2
   191 | D:1      | Found Liomuweu's Jewellery Shoppe.
   191 | D:1      | Found Ater's Assorted Antiques.
   277 | D:1      | Reached skill level 4 in Unarmed Combat
   394 | D:1      | Found Wausor's Jewellery Boutique.
   397 | D:1      | Reached XP level 3. HP: 31/31 MP: 3/3
   578 | D:1      | Found Lohoil's Antique Armour Emporium.
   666 | D:1      | Found Tuonej's Antique Weapon Shop.
   932 | D:2      | You fall into a shaft and drop 1 floor!
  1102 | D:2      | Reached XP level 4. HP: 38/38 MP: 4/4
  1298 | D:2      | Reached skill level 5 in Unarmed Combat
  1850 | D:3      | Found an ancient bone altar of Kikubaaqudgha.
  2084 | D:3      | Found a runed translucent gate.
  2084 | D:3      | Found a runed translucent gate.
  2087 | D:3      | Found a runed translucent gate.
  2115 | D:3      | Noticed Bravepunisher's ghost (weakling SpMo)
  2115 | D:3      | Noticed a kobold brigand
  2585 | D:4      | Found an ornate altar of the Wu Jian Council.
  2594 | D:4      | Reached XP level 5. HP: 44/44 MP: 5/5
  2618 | D:4      | Reached skill level 6 in Unarmed Combat
  2626 | D:4      | Identified the ring of Jiedam {rC++ rN++ Will+ rCorr}
  2664 | D:4      | Found a snail-covered altar of Cheibriados.
  2674 | D:4      | Identified 2 scrolls of acquirement
  2674 | D:4      | Acquired a +2 barding of stealth
  2959 | D:5      | Entered Level 5 of the Dungeon
  2992 | D:4      | Became a worshipper of Cheibriados the Contemplative
  3007 | D:5      | Reached skill level 2 in Fighting
  3007 | D:5      | Reached XP level 6. HP: 36/52 MP: 6/6
  3211 | D:5      | Noticed a +0 dagger
  3456 | D:5      | Noticed Menkaure
  3469 | D:5      | Mangled by Menkaure

Vanquished Creatures
  A bombardier beetle (D:5)
  A hound (D:5)
  A sleepcap (D:5)
  An orc priest (D:4)
  An iguana (D:4)
  An orc wizard (D:4)
  A gnoll (D:1)
  5 adders
  2 dart slugs
  2 ribbon worms (D:3)
  An orc (D:4)
  8 ball pythons
  2 bats
  8 endoplasms
  3 giant cockroaches (D:1)
  7 goblins
  5 hobgoblins
  8 jackals
  5 kobolds
  3 quokkas
  3 frilled lizards
  4 rats
73 creatures vanquished.

Table legend: (Time is in decaauts)
 A = Elapsed time spent in this place.
 B = Non-inter-level travel time spent in this place.
 C = Inter-level travel time spent in this place.
 D = Time resting spent in this place.
 E = Time spent auto-exploring this place.
 F = Levels seen in this place.
 G = Mean time per level.
                   A        B        C        D        E       F      G
               +--------+--------+--------+--------+--------+-----+--------+
         Total |   4400 |   4235 |    165 |    315 |   3077 |   5 |  880.0 |
       Dungeon |   4400 |   4235 |    165 |    315 |   3077 |   5 |  880.0 |
               +--------+--------+--------+--------+--------+-----+--------+

Top non-repeatable levels by time:
     D:1: 1180 daAuts
     D:2: 990 daAuts
     D:3: 972 daAuts
     D:4: 696 daAuts
     D:5: 561 daAuts

Table legend:
 A = Non-vault XP
 B = Vault XP
 C = Vault XP percentage of total XP
 D = Non-vault monster count
 E = Vault monster count
 F = Vault count percentage of total count
                 A         B        C        D         E       F
            +---------+---------+-------+---------+---------+-------
      Total |     419 |      28 |   6.3 |      64 |       9 |  12.3
            +---------+---------+-------+---------+---------+-------
        D:1 |      53 |       6 |  10.2 |      22 |       3 |  12.0
        D:2 |      37 |      22 |  37.3 |      13 |       6 |  31.6
        D:3 |      32 |       0 |   0.0 |      10 |       0 |   0.0
        D:4 |     150 |       0 |   0.0 |      15 |       0 |   0.0
        D:5 |     147 |       0 |   0.0 |       4 |       0 |   0.0
            +---------+---------+-------+---------+---------+-------
